 Dungeon Crawl Stone Soup version 0.23.1 (webtiles) character file.

Game seed: 17608471330875011531

1228 nuthulu the Slinger (level 8, -2/54 HPs)
             Began as a Halfling Hunter on Mar 1, 2019.
             Was a Follower of Okawaru.
             Slain by a centaur zombie (6 damage)
             ... on level 7 of the Dungeon.
             The game lasted 00:14:34 (6932 turns).

nuthulu the Slinger (Halfling Hunter)               Turns: 6932, Time: 00:14:35

Health: -2/54      AC: 12    Str: 16    XL:     8   Next: 76%
Magic:  8/8        EV: 14    Int:  9    God:    Okawaru [*.....]
Gold:   217        SH:  4    Dex: 17    Spells: 7/7 levels left

rFire    . . .     SeeInvis .   h - +0 blowgun
rCold    . . .     Gourm    .   x - +0 buckler
rNeg     . . .     Faith    .   B - +3 scale mail {MR+}
rPois    .         Spirit   .   (no helmet)
rElec    .         Reflect  .   (no cloak)
rCorr    .         Harm     .   s - +1 pair of gloves
MR       ++...                  (no boots)
Stlth    +.........             (no amulet)
HPRegen  0.18/turn              o - +3 ring of strength
MPRegen  0.11/turn              d - ring of protection from magic

@: studying Armour
A: small, mutation resistance 1
a: Heroism, Renounce Religion


You were on level 7 of the Dungeon.
You worshipped Okawaru.
Okawaru was aware of your devotion.
You were hungry.

You visited 2 branches of the dungeon, and saw 8 of its levels.

You collected 217 gold pieces.

Inventory:

Hand Weapons
 a - a +1 hunting sling
 b - a +0 short sword
 h - a +0 blowgun (weapon)
 A - a +0 rapier
Missiles
 e - 180 stones
 t - 2 poisoned needles (quivered)
 v - 25 sling bullets
Armour
 c - a +1 leather armour
 s - a +1 pair of gloves (worn)
 x - a +0 buckler (worn)
 B - a +3 scale mail of magic resistance (worn)
Jewellery
 d - a ring of protection from magic (right hand)
 o - a +3 ring of strength (left hand)
Wands
 y - a wand of random effects (8)
Scrolls
 g - 4 scrolls of teleportation
 l - 3 scrolls of remove curse
 m - a scroll of amnesia
 p - a scroll of fog
Potions
 i - 2 potions of curing
 j - a potion of heal wounds
 k - a potion of magic
 n - a potion of haste
 q - 2 potions of flight {unknown}
 r - a potion of might
 w - a potion of agility {unknown}
 z - a potion of brilliance {unknown}
Books
 u - a manual of Armour
Comestibles
 f - 15 rations


   Skills:
 + Level 4.7 Fighting
 * Level 10.7(10.8) Slings
 - Level 0.1(4.6) Throwing
 + Level 3.3 Armour
 - Level 5.1 Dodging
 - Level 3.6 Stealth


You had 7 spell levels left.
You didn't know any spells.
Your spell library contained the following spells:

 Spells                   Type           Power        Failure   Level  Hunger
 Magic Dart               Conj           #...         94%         1    ##.....
 Blink                    Tloc           N/A          98%         2    ###....
 Call Imp                 Summ           #.......     98%         2    ###....
 Slow                     Hex            #.......     98%         2    ###....
 Conjure Flame            Conj/Fire      #.......     100%        3    ####...
 Mephitic Cloud           Conj/Pois/Air  #.......     100%        3    ####...


Dungeon Overview and Level Annotations

Branches:
Dungeon (7/15)             Temple (1/1) D:4

Altars:
Ashenzari
Cheibriados
Dithmenos
Elyvilon
Fedhas
Hepliaklqana
Kikubaaqudgha
Makhleb
Nemelex Xobeh
Okawaru
Qazlal
Ru
Sif Muna
Trog
Uskayaw
Vehumet
Wu Jian
Xom
Yredelemnul
Zin
The Shining One

Shops:
D:5 :

Annotations:
D:6 Pikel


Innate Abilities, Weirdness & Mutations

You are small and have problems with some larger weapons.
You are somewhat resistant to further mutation.


Message History

The phantom hits you but does no damage.
An adder zombie comes into view.
Found a shiny opal ring.
You block the adder zombie's attack.
Really attack while wielding your +0 blowgun? [Y]es or [N]o only, please.
Really attack while wielding your +0 blowgun? [Y]es or [N]o only, please.
Really attack while wielding your +0 blowgun? [Y]es or [N]o only, please.
Really attack while wielding your +0 blowgun?
Okay, then.
The adder zombie closely misses you. The adder zombie misses you.
A centaur zombie comes into view.
Found a scroll of identify.
A bullfrog comes into view.
The phantom blinks!
The centaur zombie hits you.
You die...

###############
#..............
#..............
#.............F...
#?.....Z..........
#.....@...........
#####.Z..####...#
##.##.Z.p####...##
=.........ยง.......#
..................#
..................#
..................#
..................#
..................#


You could see a slave, an adder zombie, a worker ant zombie and a centaur
zombie.

Vanquished Creatures
  Duvessa (D:6)
  A sky beast (D:6)
  An ogre (D:5)
  A bullfrog (D:6)
  Dowan (D:6)
  A scorpion (D:5)
  A howler monkey (D:4)
  A crimson imp (D:6)
  A hound (D:4)
  A bullfrog skeleton (D:4)
  A centaur zombie (D:5)
  2 orc priests (D:5)
  2 iguanas
  10 orc wizards
  2 worker ants (D:4)
  7 adders
  A gnoll (D:1)
  An ooze (D:6)
  2 dart slugs
  2 leopard geckos (D:1)
  20 orcs
  7 giant cockroaches
  10 goblins
  9 hobgoblins
  10 jackals
  3 quokkas
  A ball python skeleton (D:5)
  8 bats
  5 frilled lizards
  7 kobolds
  A quokka skeleton (D:4)
  A quokka zombie (D:5)
  5 rats
127 creatures vanquished.

Notes
Turn   | Place    | Note
-------+----------+-------------------------------------------
     0 | D:1      | nuthulu the Halfling Hunter began the quest for the Orb.
     0 | D:1      | Reached XP level 1. HP: 14/14 MP: 1/1
   122 | D:1      | Reached skill level 6 in Slings
   122 | D:1      | Reached XP level 2. HP: 19/19 MP: 2/2
   342 | D:1      | Reached XP level 3. HP: 24/24 MP: 3/3
   796 | D:1      | Found a snail-covered altar of Cheibriados.
  1258 | D:2      | Reached XP level 4. HP: 22/29 MP: 4/4
  1783 | D:2      | You fall through a shaft!
  1787 | D:3      | Reached skill level 7 in Slings
  2127 | D:2      | Reached XP level 5. HP: 23/35 MP: 5/5
  2703 | D:3      | Reached XP level 6. HP: 41/41 MP: 6/6
  3244 | D:3      | Found a hide-covered altar of Uskayaw.
  3244 | D:3      | Found a snail-covered altar of Cheibriados.
  3249 | D:3      | Found a glowing silver altar of Zin.
  3668 | D:4      | Found a staircase to the Ecumenical Temple.
  3732 | Temple   | Entered the Ecumenical Temple
  3983 | D:4      | Reached skill level 8 in Slings
  3990 | D:4      | Reached XP level 7. HP: 43/46 MP: 7/7
  4798 | D:4      | Reached skill level 9 in Slings
  5070 | D:5      | Entered Level 5 of the Dungeon
  5102 | D:5      | Found an iron altar of Okawaru.
  5135 | D:5      | Reached XP level 8. HP: 45/54 MP: 8/8
  5156 | D:5      | Became a worshipper of Warmaster Okawaru
  5322 | D:5      | Found Fuxkeoge's Book Shoppe.
  5716 | D:5      | Reached skill level 5 in Dodging
  6192 | D:6      | Reached skill level 10 in Slings
  6192 | D:6      | Reached skill level 1 in Armour
  6367 | D:6      | Noticed Dowan
  6367 | D:6      | Noticed Duvessa
  6398 | D:6      | Killed Dowan
  6398 | D:6      | Reached * piety under Okawaru
  6451 | D:6      | Killed Duvessa
  6841 | D:6      | Noticed Pikel
  6904 | D:7      | HP: 1/54 [phantom (3)]
  6914 | D:7      | HP: 1/54 [slave[Pikel] (2)]
  6932 | D:7      | Slain by a centaur zombie

Skill      XL: |  1  2  3  4  5  6  7  8 |
---------------+-------------------------+-----
Slings         | 6 7 8 9 10 | 10.7
Fighting       | 2 3 4 |  4.7
Stealth        | 2 3 |  3.6
Dodging        | 3 4 5 |  5.1
Armour         | 3 |  3.3
Throwing       | |  0.1

Action                   |  1- 3 |  4- 6 |  7- 9 || total
-------------------------+-------+-------+-------++-------
Melee: Short sword       |    18 |     6 |     9 ||    33
       Hunting sling     |       |       |     3 ||     3
 Fire: Hunting sling     |    85 |   160 |   190 ||   435
       Blowgun           |       |       |    12 ||    12
Throw: Stone             |     2 |       |       ||     2
  Use: Scroll            |     3 |     2 |     5 ||    10
       Potion            |     1 |     3 |       ||     4
  Eat: Chunk             |     1 |     4 |     2 ||     7
       Ration            |       |     2 |     1 ||     3
Armor: Leather armour    |    12 |    19 |    30 ||    61
       Scale mail        |       |       |     1 ||     1
Dodge: Dodged            |    63 |    47 |    57 ||   167
Block: Buckler           |       |       |    10 ||    10
